 Dungeon Crawl Stone Soup version 0.27-a0-1278-g6cbc8dfb29 (webtiles) character file.

Game seed: 7308586533754952127

4788 porpoise the Cudgeller (level 10, -4/60 HPs)
             Began as a Demonspawn Chaos Knight on June 12, 2021.
             Was a Plaything of Xom.
             Slain by a sun demon (6 damage)
             ... summoned by a kobold demonologist
             ... on level 9 of the Dungeon.
             The game lasted 00:34:11 (11110 turns).

porpoise the Cudgeller (Demonspawn Chaos Knight)   Turns: 11110, Time: 00:34:11

Health: -4/60      AC:  7    Str: 15      XL:     10   Next: 24%
Magic:  10/10      EV: 11    Int: 11 (14) God:    Xom [*.....]
Gold:   451        SH:  8    Dex:  8 (11) Spells: 9/9 levels left

rFire    + + .     SeeInvis .   B - +3 whip (chaos)
rCold    . . .     Faith    .   o - +0 kite shield
rNeg     . . .     Spirit   .   c - +2 leather armour {rF+}
rPois    +         Reflect  .   (helmet unavailable)
rElec    .         Harm     .   (no cloak)
rCorr    .         Rampage  .   (no gloves)
Will     .....                  m - +2 pair of boots
Stlth    ++........             (no amulet)
HPRegen  0.20/turn              E - ring of protection from fire
MPRegen  0.12/turn              D - ring of poison resistance

@: no status effects
A: horns 3, foul stench 2, sturdy frame 1, camouflage 1, clumsy 1, deformed
body, deterioration 1, frail 2
a: Renounce Religion


You were on level 9 of the Dungeon.
You worshipped Xom.
You were a special plaything of Xom.
You visited 1 branch of the dungeon, and saw 9 of its levels.

You collected 605 gold pieces.
You spent 154 gold pieces at shops.

Inventory:

Hand Weapons
 a - the +7 flail of Immorality {vorpal, Dex+2}
   (You found it on level 7 of the Dungeon)

   It inflicts extra damage upon your enemies.
   It affects your dexterity (+2).
 b - a +0 hunting sling
 g - a +0 spear of chaos
 B - a +3 whip of chaos (weapon)
Missiles
 f - 106 stones
 i - 31 poisoned darts
 n - 59 bolts
 u - 256 arrows
 v - 8 boomerangs (quivered)
 x - 39 sling bullets
Armour
 c - a +2 leather armour of fire resistance (worn)
 m - a +2 pair of boots (worn)
 o - a +0 kite shield (worn)
 O - +0 steam dragon scales
Jewellery
 C - a +6 ring of strength
 D - a ring of poison resistance (right hand)
 E - a ring of protection from fire (left hand)
 P - an amulet of the acrobat
Wands
 e - a wand of digging (2)
 H - a wand of flame (13)
 L - a wand of polymorph (1)
 N - a wand of paralysis (10)
Scrolls
 d - a scroll of amnesia {unknown}
 h - a scroll of enchant armour {unknown}
 l - a scroll of holy word {unknown}
 p - a scroll of fear
 q - a scroll of immolation {unknown}
 r - a scroll of noise {unknown}
 w - a scroll of acquirement {unknown}
 y - a scroll of blinking
 G - a scroll of silence
 J - 2 scrolls of magic mapping
Potions
 j - 2 potions of haste
 k - a potion of lignification
 s - a potion of might
 t - a potion of heal wounds
 z - 2 potions of brilliance
 A - 4 potions of curing
 F - a potion of cancellation
 I - a potion of flight
 K - a potion of invisibility
 M - a potion of attraction {unknown}


   Skills:
 - Level 6.0 Fighting
 + Level 6.5 Maces & Flails
 - Level 4.4 Polearms
 - Level 6.0 Armour
 - Level 6.0 Dodging
 + Level 1.5 Stealth
 - Level 4.0 Shields
 - Level 5.0 Evocations


You had 9 spell levels left.
You didn't know any spells.
Your spell library contained the following spells:

 Spells                   Type           Power      Damage    Failure   Level
 Magic Dart               Conj           0%         1d3       83%         1
 Confusing Touch          Hex            0%         N/A       99%         3
 Conjure Flame            Conj/Fire      0%         6-21      99%         3
 Gell's Gravitas          Tloc           0%         N/A       99%         3
 Petrify                  Tmut/Erth      0%         N/A       100%        4
 Bolt of Magma            Conj/Fire/Erth 0%         4d4       100%        5
 Irradiate                Conj/Tmut      0%         3d13      100%        5
 Metabolic Englaciation   Hex/Ice        0%         N/A       100%        5
 Yara's Violent Unravell  Hex/Tmut       0%         3d3       100%        5
 Eringya's Noxious Bog    Tmut/Pois      0%         N/A       100%        6


Dungeon Overview and Level Annotations

Branches:
Dungeon (9/15)             Temple (0/1) D:6            Lair (0/6) D:9
    Orc: D:9-12

Altars:
Elyvilon
Kikubaaqudgha
Makhleb
Qazlal
Uskayaw
Vehumet
Wu Jian
Xom
Beogh

Shops:
D:3 [   D:5 (   D:6 *

Annotations:
D:9 Grum


Innate Abilities, Weirdness & Mutations

You have a pair of large horns on your head.
You sometimes emit foul miasma when damaged in melee.
Your movements are slightly less encumbered by armour. (ER -2)
Your skin changes colour to match your surroundings (Stealth+).
You are clumsy. (Dex -2)
Armour fits poorly on your strangely shaped body.
Your body sometimes deteriorates upon taking damage.
You are very frail. (-20% HP)


Message History

Your headbutt misses the kobold demonologist.
The kobold demonologist is heavily wounded.
You block the kobold demonologist's attack.
You closely miss the kobold demonologist.
The kobold demonologist is heavily wounded.
The kobold demonologist hits you with a +0 dagger.
The troll bites you. The troll misses you. The troll completely misses you.
You barely miss the kobold demonologist.
The kobold demonologist is heavily wounded.
The kobold demonologist hits you but does no damage.
The troll bites you. The troll claws you but does no damage.
You block the troll's attack.
You whack the kobold demonologist! You headbutt the kobold demonologist!
The kobold demonologist is almost dead.
Xom smiles on you.
The kobold demonologist's +0 dagger dances into the air!
You are now a special plaything of Xom.
The kobold demonologist closely misses you.
The troll bites you!
Your body deteriorates!
You feel dopey. The troll barely misses you. x2
The kobold demonologist casts a spell.
The troll bites you! You block the troll's attack. The troll claws you.
* * * LOW HITPOINT WARNING * * *
Xom's power touches on a nearby monster.
The sixfirhy evaporates and reforms as a sun demon!
The kobold demonologist begins to cast a cantrip, but forgets the words!
The troll bites you!
* * * LOW HITPOINT WARNING * * *
Your body deteriorates!
You feel dopey.
You emit a cloud of foul miasma!
You block the troll's attack. x2
The troll is engulfed in dark miasma.
The troll is poisoned.
The troll seems to slow down.
There is an open door here.
You hit the sun demon but do no damage.
You feel a bit more experienced. The sun demon hits you!
* * * LOW HITPOINT WARNING * * *
You are engulfed in flames.
You resist.
You die...
Xom bursts into laughter!

#.........#...........#
**#.....................#
,,+..........#####'######
**#.........## #.##
######..### #..#
*****###.#** ###'###
*,,,,.....K#####.....#
*,,,,....KKKK§##.....#
*,,,,.$.)K.##T3@>....#
**,,,,....(,*####.....#
**,,,,....,,* #.....#
**,,,,...K,,* #.....#
,+,,,,..,,,,* #.....#
**,,,,.,,,,,* ##+####
****+******* **,* *,,,*
*,,* **,****** *,**


You could see a sun demon (summoned), a kobold demonologist, a troll (poisoned,
slow), 3 kobold brigands and a kobold.

Vanquished Creatures
  A two-headed ogre (D:7)
  A troll (D:8)
  4 yaks (D:8)
  2 wyverns (D:9)
  A steam dragon (D:8)
  Duvessa (D:6)
  2 sky beasts
  2 orc warriors (D:7)
  2 black bears
  2 necrophages
  5 centaurs
  2 ogres
  6 bullfrogs
  6 scorpions
  Dowan (D:6)
  A water moccasin zombie (D:5)
  5 wights (D:5)
  3 howler monkeys
  A centaur zombie (D:5)
  5 hounds
  3 orc priests (D:7)
  A bullfrog skeleton (D:5)
  A centaur skeleton (D:5)
  2 jellies (D:5)
  Jessica (D:2)
  An iguana (D:6)
  6 orc wizards
  A hound skeleton (D:2)
  2 howler monkey zombies
  6 adders
  A shadow imp (D:7)
  An adder skeleton (D:4)
  5 dart slugs (D:1)
  23 orcs
  9 bats
  6 endoplasms
  2 giant cockroaches
  5 goblins
  A hobgoblin (D:3)
  13 jackals
  2 quokkas
  4 ball pythons
  6 frilled lizards
  4 kobolds
  3 rats (D:1)
162 creatures vanquished.

Vanquished Creatures (collateral kills)
  An orc wizard (D:6)
  A kobold (D:9)
2 creatures vanquished.

Vanquished Creatures (others)
  An adder skeleton (D:4)
  A kobold (D:4)
  4 bushes (D:9)
  7 fungi (D:9)
  20 plants (D:9)
33 creatures vanquished.

Grand Total: 197 creatures vanquished

Notes
Turn   | Place    | Note
-------+----------+-------------------------------------------
     0 | D:1      | porpoise the Demonspawn Chaos Knight began the quest for
                  | the Orb.
     0 | D:1      | Reached XP level 1. HP: 18/18 MP: 1/1
   224 | D:1      | Gained mutation: You may rarely emit foul miasma when
                  | damaged in melee. [demonic ancestry]
   224 | D:1      | Reached XP level 2. HP: 19/24 MP: 2/2
   396 | D:1      | XOM: silly message
   437 | D:1      | XOM: silly message
   498 | D:1      | XOM: 1-stop teleportation journey
   810 | D:1      | XOM: chaos upgrade
   819 | D:1      | XOM: summons 1 hostile demon
   914 | D:1      | XOM: 1-stop teleportation journey
  1052 | D:1      | XOM: give mutation
  1052 | D:1      | Gained mutation: You are resistant to electric shocks.
                  | (rElec) [Xom's grace]
  1421 | D:1      | Gained mutation: You sometimes emit foul miasma when
                  | damaged in melee. [demonic ancestry]
  1421 | D:1      | Reached XP level 3. HP: 29/29 MP: 3/3
  1539 | D:1      | Found a faded altar of an unknown god.
  1867 | D:2      | XOM: cast spell 'Olgreb's Toxic Radiance'
  1887 | D:2      | XOM: summons 2 hostile shadow creatures
  2197 | D:2      | XOM: divination: magic mapping
  2200 | D:2      | Gained mutation: You have a pair of small horns on your
                  | head. [demonic ancestry]
  2200 | D:2      | Reached XP level 4. HP: 37/37 MP: 4/4
  2343 | D:2      | XOM: god gift: dagger {god gift}
  2396 | D:2      | Noticed Jessica
  2405 | D:2      | Killed Jessica
  2478 | D:2      | XOM: god gift: 27 gold pieces
  2893 | D:3      | Found a burning altar of Makhleb.
  2947 | D:3      | Found Loebreno's Armour Shoppe.
  2966 | D:3      | XOM: scenery: summon butterflies
  3054 | D:3      | Gained mutation: You have a pair of horns on your head.
                  | [demonic ancestry]
  3054 | D:3      | Reached XP level 5. HP: 37/43 MP: 5/5
  3643 | D:4      | XOM: cloud trail
  3737 | D:4      | Reached skill level 5 in Fighting
  3737 | D:4      | Reached skill level 1 in Maces & Flails
  3740 | D:4      | HP: 2/44 [poisoned by a scorpion]
  4090 | D:4      | Reached XP level 6. HP: 51/51 MP: 6/6
  4150 | D:4      | XOM: cloud trail
  4324 | D:4      | XOM: god gift: 22 gold pieces
  4609 | D:5      | Entered Level 5 of the Dungeon
  4639 | D:5      | XOM: scenery: create altars
  4786 | D:5      | Gained mutation: You have a pair of large horns on your
                  | head. [demonic ancestry]
  4786 | D:5      | Reached XP level 7. HP: 58/58 MP: 7/7
  5221 | D:5      | Found an ornate altar of the Wu Jian Council.
  5224 | D:5      | Found a hide-covered altar of Uskayaw.
  5227 | D:5      | Found a stormy altar of Qazlal.
  5230 | D:5      | Found an ancient bone altar of Kikubaaqudgha.
  5264 | D:5      | XOM: summons 5 friendly demons
  5267 | D:5      | XOM: cloud trail
  5415 | D:5      | Reached XP level 8. HP: 64/64 MP: 8/8
  5424 | D:5      | XOM: cloud trail
  5433 | D:5      | XOM: smoke on damage
  5477 | D:5      | Reached skill level 5 in Maces & Flails
  5575 | D:5      | Found Bamung's Weapon Shoppe.
  5760 | D:6      | Noticed Duvessa
  5760 | D:6      | Noticed Dowan
  5774 | D:6      | Killed Duvessa
  5781 | D:6      | Killed Dowan
  5916 | D:6      | Found Becs's Assorted Antiques.
  5922 | D:6      | Bought a scroll labelled IKUW XETEKK for 22 gold pieces
  5922 | D:6      | Bought a scroll labelled IKUW XETEKK for 22 gold pieces
  5922 | D:6      | Bought a potion of heal wounds for 110 gold pieces
  5946 | D:6      | Found a staircase to the Ecumenical Temple.
  5961 | D:6      | Reached skill level 5 in Armour
  6046 | D:6      | XOM: confusion (+ monsters)
  6047 | D:6      | XOM: cast spell 'Summon Small Mammal'
  6153 | D:6      | You fall into a shaft and drop 3 floors!
  6159 | D:9      | Noticed Grum
  6207 | D:9      | Reached skill level 1 in Dodging
  6228 | D:9      | XOM: confuse monster(s)
  6232 | D:9      | Reached skill level 1 in Shields
  6431 | D:9      | XOM: 1-stop teleportation journey
  6432 | D:9      | Lost mutation: You are resistant to electric shocks.
                  | (rElec) [potion of mutation]
  6432 | D:9      | Gained mutation: You are agile. (Dex +2) [potion of
                  | mutation]
  6432 | D:9      | Gained mutation: Your skin changes colour to match your
                  | surroundings (Stealth+). [potion of mutation]
  6648 | D:7      | XOM: silly message
  6700 | D:7      | XOM: god gift: scale mail {god gift}
  6811 | D:7      | Reached XP level 9. HP: 61/69 MP: 9/9
  6855 | D:7      | Found a transporter.
  6855 | D:7      | XOM: 6-stop teleportation journey
  6856 | D:7      | Noticed a two-headed ogre
  6858 | D:7      | XOM: confuse monster(s)
  6878 | D:7      | Killed a two-headed ogre
  6922 | D:7      | XOM: summons 4 hostile shadow creatures
  7321 | D:7      | XOM: 3-stop teleportation journey
  7477 | D:6      | XOM: cleaving
  7493 | D:6      | Reached skill level 1 in Evocations
  8187 | D:6      | XOM: divination: detect creatures
  8193 | D:6      | Reached skill level 5 in Dodging
  8331 | D:6      | XOM: give mutations
  8331 | D:6      | Gained mutation: You are frail. (-10% HP) [Xom's mischief]
  8331 | D:6      | Gained mutation: Armour fits poorly on your strangely
                  | shaped body. [Xom's mischief]
  8331 | D:6      | Gained mutation: Your body sometimes deteriorates upon
                  | taking damage. [Xom's mischief]
  8331 | D:6      | Lost mutation: You are agile. (Dex +2) [Xom's mischief]
  8846 | D:7      | Found a transporter.
  8976 | D:7      | XOM: give mutation
  8976 | D:7      | Gained mutation: You are clumsy. (Dex -2) [Xom's mischief]
  9024 | D:7      | Identified the +7 flail of Immorality {vorpal, Dex+2}
  9040 | D:7      | Identified the +3 helmet of Dishonesty {Fly rCorr}
  9044 | D:7      | Identified the Guide on Excruciating Intoxication
  9318 | D:8      | Noticed a troll
  9318 | D:8      | a yak changed into a troll
  9318 | D:8      | XOM: polymorph yak -> troll
  9322 | D:8      | HP: 2/62 [troll (10)]
  9323 | D:8      | XOM: confusion (+ monsters)
  9323 | D:8      | Killed a troll
  9324 | D:8      | Gained mutation: Your movements are slightly less
                  | encumbered by armour. (ER -2) [demonic ancestry]
  9324 | D:8      | Reached XP level 10. HP: 24/68 MP: 10/10
  9402 | D:8      | XOM: summons 4 hostile demons
  9909 | D:8      | XOM: silly message
  9928 | D:8      | Reached skill level 5 in Evocations
  9932 | D:8      | XOM: 1-stop teleportation journey
 10197 | D:8      | XOM: give mutation
 10197 | D:8      | Gained mutation: You are very frail. (-20% HP) [Xom's
                  | mischief]
 10410 | D:8      | Found a radiant altar of Vehumet.
 10448 | D:8      | Reached skill level 1 in Stealth
 10740 | D:8      | XOM: summons 3 hostile demons
 11108 | D:9      | Noticed a sixfirhy
 11108 | D:9      | Noticed a sun demon
 11108 | D:9      | a sixfirhy changed into a sun demon
 11108 | D:9      | XOM: polymorph sixfirhy -> sun demon
 11110 | D:9      | HP: 2/60 [sun demon[a kobold demonologist] (7)]
 11110 | D:9      | Slain by a sun demon

Illustrated notes

Levels and vault maps discovered:
D:1:      lemuel_arrival_tunnels, layout_basic,
          hellmonk_ecumenical_altar_defaced_shrine
D:2:      layout_basic, minmay_misc_feat_chi, uniq_jessica
D:3:      layout_loops_ring, lemuel_tele_altar, serial_shops,
          nicolae_shop_window_shopping
D:4:      layout_loops_ring, grunt_ministairs_7, lemuel_old_faithful
D:5:      layout_cave_pools, grunt_temple_overflow_cloverleaf, serial_shops,
          shop
D:6:      layout_basic, minmay_temple_entry_waves, serial_shops,
          kennysheep_little_box, uniq_duvessa
D:7:      gammafunk_beogh_shrine, layout_basic, grunt_ministairs_1
D:8:      layout_layer_cave, gammafunk_temple_overflow_statue
D:9:      layout_roguey, okawaru_humans, minmay_lair_entry_grove,
          hangedman_decor_growths, uniq_joseph, uniq_grum, uniq_erolcha

Skill      XL: |  1  2  3  4  5  6  7  8  9 10 |
---------------+-------------------------------+-----
Polearms       | 3 4 |  4.4
Fighting       | 4 5 6 |  6.0
Maces & Flails | 1 3 4 6 |  6.5
Armour         | 3 6 |  6.0
Dodging        | 2 5 6 |  6.0
Shields        | 1 4 |  4.0
Evocations     | 4 5 |  5.0
Stealth        | 1 |  1.5

Action                   |  1- 3 |  4- 6 |  7- 9 | 10-12 || total
-------------------------+-------+-------+-------+-------++-------
Melee: Spear             |    56 |       |     7 |       ||    63
       Whip              |    67 |   118 |   228 |    10 ||   423
       Headbutt          |       |    15 |    52 |     5 ||    72
       Flail             |       |       |    16 |    58 ||    74
 Fire: Hunting sling     |       |    12 |    61 |    38 ||   111
Throw: Boomerang         |       |     9 |    12 |     1 ||    22
       Stone             |       |     1 |       |       ||     1
Evoke: Wand              |       |       |     3 |     1 ||     4
  Use: Scroll            |     1 |     6 |    10 |     1 ||    18
       Potion            |       |     2 |     4 |     1 ||     7
 Stab: Paralysed         |     6 |     1 |       |       ||     7
       Sleeping          |     1 |       |     1 |     1 ||     3
       Invisible         |       |       |     2 |       ||     2
       Confused          |       |       |     1 |       ||     1
Armor: Leather armour    |    40 |    57 |    80 |    64 ||   241
Dodge: Dodged            |    66 |    47 |   154 |    97 ||   364
Block: Kite shield       |       |       |       |    56 ||    56

Table legend: (Time is in decaauts)
 A = Elapsed time spent in this place.
 B = Non-inter-level travel time spent in this place.
 C = Inter-level travel time spent in this place.
 D = Time resting spent in this place.
 E = Time spent auto-exploring this place.
 F = Levels seen in this place.
 G = Mean time per level.
                   A        B        C        D        E       F      G
               +--------+--------+--------+--------+--------+-----+--------+
         Total |  11099 |  10741 |    358 |   3401 |   5764 |   9 | 1233.2 |
       Dungeon |  11099 |  10741 |    358 |   3401 |   5764 |   9 | 1233.2 |
               +--------+--------+--------+--------+--------+-----+--------+

Top non-repeatable levels by time:
     D:8: 1809 daAuts
     D:1: 1719 daAuts
     D:6: 1623 daAuts
     D:7: 1387 daAuts
     D:5: 1158 daAuts
     D:4: 1105 daAuts
     D:2: 1062 daAuts
     D:3: 739 daAuts
     D:9: 491 daAuts
